Match 40930517
Unlisted

Match 40930517
End
Selects Air and Sea Battlegroup
Vickers Machine Gun Team
Construct Section Command Post
Infantry Section
Infantry Section
Infantry Section
Grenade Package
Selects Supply Surplus
Construct Field Infirmary
Forward Retreat Point
Construct Platoon Command Post
Unlock Bishop Self-propelled Artillery
Selects Commando Section Paradrop
Selects M1 Pack Howitzer Paradrop
Bishop Self-propelled Artillery
Bishop Self-propelled Artillery
Light Vehicle Training
Infantry Section
Bishop Self-propelled Artillery
6-pounder Anti-tank Gun Team
6-pounder Anti-tank Gun Team
Bishop Self-propelled Artillery
Construct Field Infirmary
Selects Anti-tank Rocket Loiter
Anti-tank Rocket Loiter
Infantry Section
Infantry Section
Selects UNKNOWN (223837)
6-pounder Anti-tank Gun Team
6-pounder Anti-tank Gun Team
Construct Company Command Post
Hans Landa
Unusualsoupcan
John Pounder
Papa Mussolini's Pizza Service
Mark29
Mihono Bourbon
YangXYZ
Fly55911
0
0

Comments sign in to comment!

No comments posted yet!